 Dungeon Crawl Stone Soup version 0.17-a0-1951-g62301d3 (webtiles) character file.

560 ololoev the Magician (level 7, -5/36 HPs)
             Began as a Deep Elf Air Elementalist on Oct 2, 2015.
             Killed by divine providence
             ... invoked by an orc priest
              (14 damage)
             ... on level 4 of the Dungeon.
             The game lasted 00:15:47 (4035 turns).

ololoev the Magician (Deep Elf Air Elementalist)    Turns: 4035, Time: 00:15:47

Health: -5/36      AC:  2    Str:  5    XL:     7   Next: 9%
Magic:  11/17      EV:  9    Int: 22    God:
Gold:   406        SH:  0    Dex: 15    Spells: 3 memorised, 8 levels left

rFire  . . .     SeeInvis .     (no weapon)
rCold  . . .     Clarity  .     a - +0 robe
rNeg   . . .     SustAt   .     (no shield)
rPois  .         Gourm    .     (no helmet)
rElec  .         Spirit   .     (no cloak)
rCorr  .         Warding  .     (no gloves)
rMut   .         Stasis   .     (no boots)
MR     .....                    (no amulet)
Stlth  ++........               g - ring of loudness (curse)
                                f - ring of stealth

@: repel missiles, not resistant to hostile enchantments, unstealthy
A: no striking features
a: no special abilities

Inventory:

Armour
 a - a +0 robe (worn)
Jewellery
 f - a ring of stealth (left hand)
 g - a cursed ring of loudness (right hand)
Scrolls
 d - 3 scrolls of identify {unknown}
 e - a scroll of random uselessness {unknown}
 i - a scroll of teleportation {unknown}
 j - a scroll of blinking {unknown}
 o - 2 scrolls of remove curse {unknown}
 q - a scroll of noise {unknown}
 s - 2 scrolls of recharging {unknown}
Potions
 h - 2 potions of haste
 k - a potion of heal wounds {unknown}
 l - a potion of cancellation {unknown}
 m - 2 potions of poison {unknown}
 n - 2 potions of curing {unknown}
 p - 2 potions of magic {unknown}
 r - a potion of degeneration {unknown}
 t - a potion of cure mutation {unknown}
 u - a potion of flight {unknown}
Books
 b - a book of Air

   Spells                             Type                      Level
   a - Shock                          Conjuration/Air              1
   b - Swiftness                      Charms/Air                   2
   c - Repel Missiles                 Charms/Air                   2
   d - Static Discharge               Conjuration/Air              3
   e - Lightning Bolt                 Conjuration/Air              5
Comestibles
 c - 3 bread rations
 v - a meat ration
 w - 5 chunks of flesh


   Skills:
 + Level 4.1 Dodging
 - Level 2.4 Stealth
 + Level 5.4 Spellcasting
 * Level 4.8 Conjurations
 + Level 5.1 Air Magic


You had 8 spell levels left.
You knew the following spells:

 Your Spells              Type           Power        Failure   Level  Hunger
a - Shock                 Conj/Air       ####         1%          1    None
c - Lightning Bolt        Conj/Air       ####......   38%         5    #####..
r - Repel Missiles        Chrm/Air       ###...       8%          2    None


You were on level 4 of the Dungeon.
You were not hungry.

You visited 1 branch of the dungeon, and saw 4 of its levels.
You also visited: Ossuary.

You collected 406 gold pieces.

.........# ############.....
#....###.# #.....o.[........
#........########o##########.#.#.
#.######..........#########.....#
#.# #.#######...............##
#.# #.# ##....#######..##.# #.#
#.######.......# #..# #. #.#
#..............#####..# # #.#
########.@.....)).....# #.######
### ###>..#######.## ...........#
##...#######.## ####.#####.#
#.............# # # #.#
#..#########..# # #># #...#####
#..# # #.#####.#####.......# #..#
# #.........†.......#.# #..# #
######.#####....##.####..#

Notes
Turn   | Place    | Note
--------------------------------------------------------------
     0 | D:1      | ololoev the Deep Elf Air Elementalist began the quest for the Orb.
     0 | D:1      | Reached XP level 1. HP: 10/10 MP: 6/6
   497 | D:1      | Reached XP level 2. HP: 15/15 MP: 6/8
   946 | D:2      | Reached XP level 3. HP: 19/19 MP: 6/10
  1280 | D:2      | Found a bloodstained altar of Trog.
  1321 | D:2      | Reached XP level 4. HP: 24/24 MP: 6/11
  1362 | D:2      | Reached skill level 4 in Spellcasting
  1573 | D:2      | Found a basalt altar of Yredelemnul.
  1575 | D:2      | Found a stormy altar of Qazlal.
  1605 | D:2      | Found a shattered altar of Ashenzari.
  1972 | D:3      | Found a shadowy altar of Dithmenos.
  1997 | D:3      | Noticed a giant frog
  2002 | D:3      | Killed a giant frog
  2002 | D:3      | Reached XP level 5. HP: 28/28 MP: 7/13
  2064 | D:3      | Learned a level 2 spell: Repel Missiles
  2070 | D:3      | Learned a level 5 spell: Lightning Bolt
  2554 | D:3      | Found a burning altar of Makhleb.
  2876 | D:4      | Found a sacrificial altar of Ru.
  3004 | D:4      | Reached XP level 6. HP: 19/32 MP: 7/15
  3095 | D:4      | Found a sand-covered staircase.
  3236 | Ossuary  | Entered an ossuary
  3439 | Ossuary  | Reached skill level 5 in Spellcasting
  3922 | D:4      | Reached skill level 5 in Air Magic
  3997 | D:4      | Found a white marble altar of Elyvilon.
  4006 | D:4      | Reached XP level 7. HP: 28/36 MP: 8/17
  4035 | D:4      | Killed from afar by an orc priest

Dungeon Overview and Level Annotations

Branches:
Dungeon (4/15)
 Temple: D:4-7

Altars:
Ashenzari
Dithmenos
Elyvilon
Makhleb
Qazlal
Ru
Trog
Yredelemnul


Message History

Aiming: Shock
Press: ? - help, Shift-Dir - straight line, p - orc wizard The zap hits the orc wizard.
You kill the orc wizard!
You have reached level 7!
You feel a bit more experienced.
Casting: Shock
Confirm with . or Enter, or press ? or * to list all spells.
Aiming: Shock
Press: ? - help, Shift-Dir - straight line, f - orc
Aim: an orc, wielding a flail and wearing a leather armour The zap misses the orc.
Casting: Shock
Confirm with . or Enter, or press ? or * to list all spells.
Aiming: Shock
Press: ? - help, Shift-Dir - straight line, f/p - orc
Aim: an orc, wielding a flail and wearing a leather armour That beam is likely to hit you.
Continue anyway?
Okay, then.
Casting: Shock
Confirm with . or Enter, or press ? or * to list all spells.
Aiming: Shock
Press: ? - help, Shift-Dir - straight line, p - orc The zap hits the orc.
You kill the orc!
You start resting.
An orc priest comes into view.
You feel yourself speed up.
The orc priest shouts!
Your magical contamination has completely faded away.
Things that are here:
a robe; a dagger The orc priest calls down the wrath of Beogh upon you.
Something smites you!
The orc priest mumbles some strange prayers to Beogh against you.
Something smites you!
There is a stone staircase leading up here.
The orc priest invokes the aid of Beogh against you.
Something smites you!
You die...

You could see an orc priest.

Vanquished Creatures
  A giant frog (D:3)
  An orc priest (D:4)
  2 hounds (D:4)
  3 orc wizards (D:4)
  A big kobold zombie (Ossuary)
  8 mummies (Ossuary)
  4 gnolls (D:2)
  6 adders
  A shadow imp (D:3)
  An ooze (D:2)
  2 worms (D:2)
  4 giant geckos
  8 orcs
  8 bats
  7 goblins
  9 hobgoblins
  7 kobolds
  2 quokkas (D:3)
  3 ball pythons
  8 giant cockroaches
  A giant gecko skeleton (D:4)
  3 giant newts
  2 gnoll zombies (Ossuary)
  A hobgoblin zombie (Ossuary)
  A kobold zombie (Ossuary)
  3 orc zombies (Ossuary)
  7 rats
104 creatures vanquished.

Action                   |  1- 3 |  4- 6 |  7- 9 || total
-------------------------+-------+-------+-------++-------
Melee: Unarmed           |     5 |     7 |       ||    12
 Cast: Shock             |    83 |   173 |     3 ||   259
       Repel Missiles    |       |     1 |       ||     1
  Use: Potion            |       |     1 |       ||     1
  Eat: Chunk             |     1 |     5 |       ||     6
       Meat ration       |       |     1 |       ||     1

Vault maps used:
D:1:      matt_arrival_grand_opening
D:2:      nicolae_overflow_hidden_temple, first_bread, st_stairs_5,
          minivault_26, trog_hazing_becter
D:3:      makhleb_grotto_becter, grunt_dithmenos_smoke_and_mirrors
D:4:      kennysheep_little_box, enter_ossuary_1, lemuel_angel_altar
Ossuary:  ossuary_tomb_3
